 Dungeon Crawl Stone Soup version 0.29-a0-845-g6161e89988 (webtiles) character file.

Game seed: 9495077091427215173

281 omnesmortales the Trooper (level 6, 0/56 HPs)
             Began as a Hill Orc Fighter on July 15, 2022.
             Slain by an orc wizard
             ... wielding a +0 dagger
              (2 damage)
             ... on level 4 of the Dungeon.
             The game lasted 00:36:39 (4123 turns).

omnesmortales the Trooper (Hill Orc Fighter)        Turns: 4123, Time: 00:36:39

Health: 0/56       AC: 11    Str: 21    XL:     6   Next: 27%
Magic:  6/6        EV:  7    Int:  8    God:
Gold:   145        SH:  4    Dex: 10    Spells: 5/5 levels left

rFire   . . .      SeeInvis .   a - +0 war axe
rCold   . . .      Faith    .   c - +0 buckler
rNeg    . . .      Spirit   .   B - +1 chain mail {rPois}
rPois   +          Reflect  .   (no helmet)
rElec   .          Harm     .   (no cloak)
rCorr   .          Rampage  .   (no gloves)
Will    .....                   y - +0 pair of boots
Stlth   ..........              (no amulet)
HPRegen 0.18/turn               k - ring of poison resistance
MPRegen 0.10/turn               (no ring)

@: no status effects
A: no striking features
a: no special abilities


You were on level 4 of the Dungeon.
You visited 1 branch of the dungeon, and saw 4 of its levels.

You collected 145 gold pieces.

Inventory:

Hand Weapons
 a - a +0 war axe (weapon)
Missiles
 f - 11 poisoned darts (quivered)
Armour
 c - a +0 buckler (worn)
 w - the +0 robe of the Will of the Gods {Dex+7}
   (You found it on level 3 of the Dungeon)

   Dex:       It affects your dexterity (+7).
 y - a +0 pair of boots (worn)
 A - the +1 ring mail "Matur" {Int+6}
   (You found it on level 4 of the Dungeon)

   Int:       It affects your intelligence (+6).
 B - a +1 chain mail of poison resistance (worn)
Magical Staves
 x - a staff of conjuration
Jewellery
 k - a ring of poison resistance (left hand)
Scrolls
 e - 3 scrolls of teleportation
 g - a scroll of poison
 n - a scroll of magic mapping {unknown}
 q - a scroll of torment {unknown}
 t - 2 scrolls of vulnerability
 u - a scroll of enchant armour {unknown}
 z - a scroll of immolation {unknown}
 C - a scroll of amnesia {unknown}
Potions
 d - 2 potions of might
 h - a potion of attraction {unknown}
 i - a potion of brilliance {unknown}
 j - a potion of magic {unknown}
 m - 3 potions of lignification
 o - a potion of degeneration {unknown}
 p - 2 potions of mutation
 r - 2 potions of cancellation
 s - a potion of heal wounds {unknown}
 v - 3 potions of haste {unknown}


   Skills:
 * Level 5.3 Fighting
 * Level 5.1 Axes
 + Level 1.8 Ranged Weapons
 + Level 4.1 Armour
 + Level 4.0 Shields


You had 5 spell levels left.
You didn't know any spells.
Your spell library contained the following spells:

 Spells                   Type           Power      Damage    Failure   Level
 Sandblast                Erth           0%         2d4       99%         1
 Passwall                 Tmut/Erth      0%         N/A       100%        2
 Ignite Poison            Fire/Tmut/Pois 0%         N/A       100%        3
 Mephitic Cloud           Conj/Pois/Air  0%         N/A       100%        3
 Stone Arrow              Conj/Erth      0%         3d7       100%        3
 Freezing Cloud           Conj/Ice/Air   0%         6-21      100%        5


Dungeon Overview and Level Annotations

Branches:
Dungeon (4/15)
 Temple: D:4-7

Altars:


Message History

The magic dart hits you.
* * * LOW HITPOINT WARNING * * *
Something hits you but does no damage.
Your transformation is almost over.
Something hits you but does no damage. Something hits you but does no damage.
Something hits you but does no damage. Something hits you but does no damage.
Something hits you but does no damage. Something hits you but does no damage.
Something hits you but does no damage.
You hear some strange, mumbled words.
A magic dart appears from out of thin air!
The magic dart hits you.
* * * LOW HITPOINT WARNING * * *
Something hits you but does no damage.
You feel less wooden.
Your +0 pair of boots unmelds from your body.
Your +1 chain mail of poison resistance unmelds from your body.
You feel resistant to poison.
You hear some strange, mumbled words.
A magic dart appears from out of thin air!
The magic dart hits you.
* * * LOW HITPOINT WARNING * * *
You miss something. Something hits you but does no damage.
Something hits you but does no damage.
Items here: $ ( ))))) ? [[ ††.
You block something's attack.
A magic dart appears from out of thin air!
The magic dart hits you.
* * * LOW HITPOINT WARNING * * *
Something hits you but does no damage.
A magic dart appears from out of thin air!
The magic dart hits you.
* * * LOW HITPOINT WARNING * * *
A magic dart appears from out of thin air!
The magic dart hits you!
* * * LOW HITPOINT WARNING * * *
Something hits you.
You die...

#..........##[##.#
#.........<.#)##.#
..........#.##.#
............##.#
............##.#
...........###.#
............##.#
.......##.##.#
.........).#@######
##.#.####).#......#
. #.#..........#.#
# #..........#
#..........#
#..........#
#..........#
#..........#
#..........#


There were no monsters in sight!

Vanquished Creatures
  An ogre (D:3)
  An orc priest (D:4)
  2 orc wizards
  4 adders
  2 worms
  A dart slug (D:2)
  10 orcs
  4 endoplasms
  5 giant cockroaches
  5 goblins
  4 hobgoblins
  4 jackals (D:2)
  3 kobolds
  3 ball pythons
  6 bats
  2 frilled lizards (D:2)
  5 rats
62 creatures vanquished.

Notes
Turn   | Place    | Note
-------+----------+-------------------------------------------
     0 | D:1      | omnesmortales the Hill Orc Fighter began the quest for the
                  | Orb.
     0 | D:1      | Reached XP level 1. HP: 19/19 MP: 1/1
   383 | D:1      | Reached XP level 2. HP: 27/27 MP: 2/2
   422 | D:1      | Found a faded altar of an unknown god.
   954 | D:2      | Reached XP level 3. HP: 33/33 MP: 3/3
  1610 | D:2      | Reached skill level 1 in Ranged Weapons
  1610 | D:2      | Reached XP level 4. HP: 35/40 MP: 4/4
  2352 | D:3      | Identified the +0 robe of the Will of the Gods {Dex+7}
  3196 | D:4      | Noticed an ogre
  3217 | D:3      | Killed an ogre
  3218 | D:3      | Reached XP level 5. HP: 7/47 MP: 5/5
  3553 | D:3      | Reached skill level 5 in Fighting
  3775 | D:4      | Identified the +1 ring mail "Matur" {Int+6}
  4031 | D:4      | Reached skill level 5 in Axes
  4031 | D:4      | Reached XP level 6. HP: 56/56 MP: 6/6
  4121 | D:4      | HP: 1/56 [something/magic dart (7)]
  4123 | D:4      | Slain by an orc wizard

Illustrated notes

Levels and vault maps discovered:
D:1:      dpeg_arrival_arbitrary_b, layout_loops_ring,
          shapermc_ecumenical_altar_mp_ritualfount
D:2:      layout_basic
D:3:      layout_basic, serial_bayou, serial_bayou_pond_b, serial_bayou_lake_a,
          serial_bayou_pond_e, serial_bayou_pond_e
D:4:      layout_basic

Skill      XL: |  1  2  3  4  5 |
---------------+----------------+-----
Axes           | 3 4 5 |  5.1
Fighting       | 4 5 |  5.3
Ranged Weapons | 1 |  1.8
Armour         | 4 |  4.1
Shields        | 4 |  4.0

Action                   |  1- 3 |  4- 6 || total
-------------------------+-------+-------++-------
Melee: War axe           |   120 |   122 ||   242
  Use: Scroll            |       |     6 ||     6
       Potion            |       |     1 ||     1
Armor: Scale mail        |    55 |    37 ||    92
       Ring mail         |       |    15 ||    15
       Skin              |       |    28 ||    28
       Chain mail        |       |    13 ||    13
Dodge: Dodged            |    71 |    60 ||   131
Block: Buckler           |    28 |    26 ||    54

Table legend: (Time is in decaauts)
 A = Elapsed time spent in this place.
 B = Non-inter-level travel time spent in this place.
 C = Inter-level travel time spent in this place.
 D = Time resting spent in this place.
 E = Time spent auto-exploring this place.
 F = Levels seen in this place.
 G = Mean time per level.
                   A        B        C        D        E       F      G
               +--------+--------+--------+--------+--------+-----+--------+
         Total |   4256 |   4256 |      0 |   1146 |   1480 |   4 | 1064.0 |
       Dungeon |   4256 |   4256 |      0 |   1146 |   1480 |   4 | 1064.0 |
               +--------+--------+--------+--------+--------+-----+--------+

Top non-repeatable levels by time:
     D:3: 1956 daAuts
     D:2: 1016 daAuts
     D:1: 897 daAuts
     D:4: 386 daAuts
